 Dungeon Crawl Stone Soup version 0.30-a0-782-ge64f9170bb (webtiles) character file.

Game seed: 17972898409303707004

280 IndexError the Vexing (level 6, -1/47 HPs)
             Began as a Gnoll Hexslinger on Feb 22, 2023.
             Was an Initiate of Ashenzari.
             Slain by a scorpion (3 damage)
             ... on level 3 of the Dungeon.
             The game lasted 00:10:00 (3733 turns).

IndexError the Vexing (Gnoll Hexslinger)            Turns: 3733, Time: 00:10:00

Health: -1/47      AC:  3    Str: 10    XL:     6   Next: 27%
Magic:  10/10      EV: 19    Int: 12    God:    Ashenzari [......]
Gold:   208        SH:  0    Dex: 14    Spells: 11/12 levels left

rFire   + . .      SeeInvis .    a - +1 sling of the Gnostic Moon {Range, Self} (curse)
rCold   . . .      Faith    .    (no shield)
rNeg    . . .      Spirit   .    c - +0 robe
rPois   .          Reflect  .    d - +0 helmet
rElec   .          Harm     .    (no cloak)
rCorr   .          Rampage  .    (no gloves)
Will    +....                    (no boots)
Stlth   ++                       (no amulet)
HPRegen 0.27/turn                E - ring of willpower
MPRegen 0.12/turn                x - +5 ring of evasion

@: lethally poisoned (-1 -> -6)
A: fangs 1, strong nose, distributed training, fire resistance 1, low MP 1
a: Renounce Religion, Curse Item, Shatter the Chains


You were on level 3 of the Dungeon.
You worshipped Ashenzari.
Ashenzari was noncommittal.
You visited 1 branch of the dungeon, and saw 4 of its levels.

You collected 208 gold pieces.

Inventory:

Hand Weapons
 a - the cursed +1 sling of the Gnostic Moon (weapon) {Range, Self}

   It has a curse which improves the following skills: Ranged Combat: Ranged
   Weapons and Throwing.
   Introspection: Fighting and Spellcasting.
Armour
 b - a +0 robe
   (You took it off an orc wizard on level 3 of the Dungeon)
 c - a +0 robe (worn)
 d - a +0 helmet (worn)
   (You found it on level 1 of the Dungeon)
 f - a +0 ring mail
   (You found it on level 1 of the Dungeon)
 i - a +0 robe
   (You found it on level 1 of the Dungeon)
 l - a +0 leather armour
   (You found it on level 2 of the Dungeon)
 p - a +0 kite shield
   (You found it on level 2 of the Dungeon)
 q - a +0 chain mail
   (You took it off an orc on level 3 of the Dungeon)
 r - a +0 scale mail
   (You found it on level 2 of the Dungeon)
 s - a +0 ring mail
   (You took it off an orc priest on level 3 of the Dungeon)
 t - a +0 ring mail
   (You found it on level 3 of the Dungeon)
 u - a +0 robe
   (You found it on level 3 of the Dungeon)
 v - a +0 ring mail
   (You took it off an orc on level 3 of the Dungeon)
 w - a +0 chain mail
   (You took it off an orc on level 3 of the Dungeon)
 z - a +0 ring mail
   (You found it on level 3 of the Dungeon)
 F - a +0 chain mail
   (You found it on level 4 of the Dungeon)
 G - a +0 robe
   (You took it off an orc wizard on level 3 of the Dungeon)
Jewellery
 o - a ring of resist corrosion
   (You found it on level 2 of the Dungeon)
 x - a +5 ring of evasion (right hand)
   (You took it off an orc on level 3 of the Dungeon)
 E - a ring of willpower (left hand)
   (You found it on level 4 of the Dungeon)
Scrolls
 h - a scroll of identify {unknown}
 j - a scroll of fear {unknown}
 k - a scroll of enchant weapon {unknown}
 m - a scroll of amnesia {unknown}
 n - 2 scrolls of magic mapping {unknown}
 y - a scroll of teleportation {unknown}
 D - a scroll of blinking {unknown}
Potions
 e - a potion of might {unknown}
 g - 3 potions of curing {unknown}
 A - a potion of invisibility {unknown}
 B - 2 potions of haste {unknown}
 C - a potion of lignification {unknown}


   Skills:
 + Level 3.2(3.6) Fighting
 + Level 2.0 Short Blades
 + Level 2.0 Long Blades
 + Level 2.0 Axes
 + Level 2.0 Maces & Flails
 + Level 2.0 Polearms
 + Level 2.0 Staves
 + Level 5.0(5.4) Ranged Weapons
 + Level 2.0(2.3) Throwing
 + Level 2.0 Armour
 + Level 5.0 Dodging
 + Level 2.0 Stealth
 + Level 2.0 Shields
 + Level 2.0 Unarmed Combat
 + Level 3.4(3.8) Spellcasting
 + Level 1.5 Conjurations
 + Level 5.6 Hexes
 + Level 1.5 Summonings
 + Level 1.5 Necromancy
 + Level 1.5 Translocations
 + Level 1.5 Transmutations
 + Level 1.5 Fire Magic
 + Level 1.5 Ice Magic
 + Level 1.5 Air Magic
 + Level 1.5 Earth Magic
 + Level 1.5 Poison Magic
 + Level 2.1 Invocations
 + Level 2.0 Evocations


You had 11 spell levels left.
You knew the following spells:

 Your Spells              Type           Power      Damage    Failure   Level
s - Slow                  Hex            60%        N/A       2%          1

Your spell library contained the following spells:

 Spells                   Type           Power      Damage    Failure   Level
 Beastly Appendage        Tmut           12%        N/A       12%         1
 Inner Flame              Hex/Fire       11%        N/A       16%         3
 Portal Projectile        Hex/Tloc       22%        N/A       16%         3
 Wereblood                Tmut           6%         N/A       19%         2
 Cause Fear               Hex            7%         N/A       22%         4
 Ignite Poison            Fire/Tmut/Pois 6%         N/A       34%         3
 Kindle Blastsparks       Fire/Tloc/Air  12%        2d11      34%         3
 Spider Form              Tmut/Pois      6%         N/A       34%         3
 Freezing Cloud           Conj/Ice/Air   3%         6-21      97%         5


Dungeon Overview and Level Annotations

Branches:
Dungeon (4/15)
 Temple: D:4-7

Altars:
Ashenzari
Okawaru

Annotations:
D:4 exclusion: black bear, Duvessa, Edmund, Robin


Innate Abilities, Weirdness & Mutations

You have very sharp teeth.
Your uncanny sense of smell can sniff out nearby items.
Your experience applies equally to all skills.
Your flesh is heat resistant. (rF+)
Your magical capacity is low. (-10% MP)


Message History

The scorpion completely misses you.
Fire: a) +1 sling of the Gnostic Moon {Range, Self} (curse)
Press: ? - help, Q - select action Shift-Dir - straight line, f/p - scorpion
Aim: a scorpion (lightly wounded, slow, 60% to hit)
You shoot a sling bullet. The sling bullet hits the scorpion.
The scorpion misses you.
Fire: a) +1 sling of the Gnostic Moon {Range, Self} (curse)
Press: ? - help, Q - select action Shift-Dir - straight line, f/p - scorpion
Aim: a scorpion (lightly wounded, slow, 60% to hit)
You shoot a sling bullet. The sling bullet hits the scorpion.
The scorpion misses you.
Fire: a) +1 sling of the Gnostic Moon {Range, Self} (curse)
Press: ? - help, Q - select action Shift-Dir - straight line, f/p - scorpion
Aim: a scorpion (moderately wounded, slow, 60% to hit)
You shoot a sling bullet.
The sling bullet hits the scorpion but does no damage.
The scorpion closely misses you.
MP restored: 10 Fire: a) +1 sling of the Gnostic Moon {Range, Self} (curse)
Press: ? - help, Q - select action Shift-Dir - straight line, f/p - scorpion
Aim: a scorpion (moderately wounded, slow, 60% to hit)
You shoot a sling bullet.
The sling bullet hits the scorpion but does no damage.
The scorpion closely misses you.
Fire: a) +1 sling of the Gnostic Moon {Range, Self} (curse)
Press: ? - help, Q - select action Shift-Dir - straight line, f/p - scorpion
Aim: a scorpion (moderately wounded, slow, 60% to hit)
You shoot a sling bullet. The sling bullet hits the scorpion.
The scorpion stings you.
You take 3 damage, and have 22/47 hp.
Fire: a) +1 sling of the Gnostic Moon {Range, Self} (curse)
Press: ? - help, Q - select action Shift-Dir - straight line, f/p - scorpion
Aim: a scorpion (moderately wounded, slow, 60% to hit)
You shoot a sling bullet.
The sling bullet hits the scorpion but does no damage.
Fire: a) +1 sling of the Gnostic Moon {Range, Self} (curse)
Press: ? - help, Q - select action Shift-Dir - straight line, f/p - scorpion
Aim: a scorpion (moderately wounded, slow, 60% to hit)
You shoot a sling bullet.
The sling bullet closely misses the scorpion.
The scorpion stings you but does no damage.
Fire: a) +1 sling of the Gnostic Moon {Range, Self} (curse)
Press: ? - help, Q - select action Shift-Dir - straight line, f/p - scorpion
Aim: a scorpion (moderately wounded, slow, 60% to hit)
You shoot a sling bullet.
The sling bullet hits the scorpion but does no damage.
The scorpion misses you.
Fire: a) +1 sling of the Gnostic Moon {Range, Self} (curse)
Press: ? - help, Q - select action Shift-Dir - straight line, f/p - scorpion
Aim: a scorpion (moderately wounded, slow, 60% to hit)
You shoot a sling bullet. The sling bullet hits the scorpion.
The scorpion closely misses you.
Fire: a) +1 sling of the Gnostic Moon {Range, Self} (curse)
Press: ? - help, Q - select action Shift-Dir - straight line, f/p - scorpion
Aim: a scorpion (heavily wounded, slow, 60% to hit)
You shoot a sling bullet.
The sling bullet hits the scorpion but does no damage.
The scorpion is no longer moving slowly.
The scorpion stings you.
You take 6 damage, and have 17/47 hp.
Fire: a) +1 sling of the Gnostic Moon {Range, Self} (curse)
Press: ? - help, Q - select action Shift-Dir - straight line, f/p - scorpion
Aim: a scorpion (heavily wounded, 60% to hit)
You shoot a sling bullet.
The sling bullet barely misses the scorpion.
The scorpion completely misses you.
Fire: a) +1 sling of the Gnostic Moon {Range, Self} (curse)
Press: ? - help, Q - select action Shift-Dir - straight line, f/p - scorpion
Aim: a scorpion (heavily wounded, 60% to hit)
You shoot a sling bullet.
The sling bullet closely misses the scorpion.
The scorpion closely misses you. The scorpion stings you!
* * * LOW HITPOINT WARNING * * *
You are lethally poisoned!
The scorpion poisons you!
You take 7 damage, and have 11/47 hp.
Fire: a) +1 sling of the Gnostic Moon {Range, Self} (curse)
Press: ? - help, Q - select action Shift-Dir - straight line, f/p - scorpion
Aim: a scorpion (heavily wounded, 60% to hit)
You shoot a sling bullet.
The sling bullet barely misses the scorpion.
* * * LOW HITPOINT WARNING * * *
You feel very sick. The scorpion stings you.
* * * LOW HITPOINT WARNING * * *
Fire: a) +1 sling of the Gnostic Moon {Range, Self} (curse)
Press: ? - help, Q - select action Shift-Dir - straight line, f/p - scorpion
Aim: a scorpion (heavily wounded, 60% to hit)
You shoot a sling bullet.
The sling bullet hits the scorpion but does no damage.
* * * LOW HITPOINT WARNING * * *
You feel sick. The scorpion completely misses you.
Fire: a) +1 sling of the Gnostic Moon {Range, Self} (curse)
Press: ? - help, Q - select action Shift-Dir - straight line, f/p - scorpion
Aim: a scorpion (heavily wounded, 60% to hit)
You shoot a sling bullet.
The sling bullet closely misses the scorpion.
* * * LOW HITPOINT WARNING * * *
You feel sick. The scorpion stings you.
You die...

.##.#.# #.# #.#
.##.#.######.##### ##'##
.##.#.##.........# ##...##
......##)......#.# ##.....##
.##.####.......#.# ##.......## ##
).#.####.###.....###<........###.
...................'.........'...
..#.####.##....s)###.........###.
.##.# #....#..)@# ##.......## #.
###.# #.......### ##.....## #.
#.# #.###.#.# ##...## #. #.#
#.###.#.# ##'## ## ###.#
#.......# #.# # ....#
#####.###########.# # #####
#.##........#.## #
#.##.######....## #
#<##.######.....# #


You could see a scorpion.

Vanquished Creatures
  A jelly (D:4)
  An orc priest (D:3)
  2 orc wizards (D:3)
  5 adders
  An ufetubus (D:3)
  2 dart slugs
  2 worms
  11 orcs
  11 ball pythons
  6 bats
  6 endoplasms
  3 giant cockroaches
  14 goblins
  10 hobgoblins
  8 jackals (D:1)
  3 kobolds
  A quokka (D:1)
  11 frilled lizards
  3 rats
101 creatures vanquished.

Notes
Turn   | Place    | Note
-------+----------+-------------------------------------------
     0 | D:1      | IndexError the Gnoll Hexslinger began the quest for the
                  | Orb.
     0 | D:1      | Reached XP level 1. HP: 17/17 MP: 4/4
    63 | D:1      | Reached XP level 2. HP: 17/23 MP: 5/5
   180 | D:1      | Found a faded altar of an unknown god.
   234 | D:1      | Prayed at the altar of an unknown god.
   234 | D:1      | Became a worshipper of Ashenzari the Shackled
   300 | D:1      | Reached XP level 3. HP: 28/28 MP: 7/7
   513 | D:1      | Reached skill level 1 in Invocations
   867 | D:2      | Reached skill level 1 in Short Blades
   867 | D:2      | Reached skill level 1 in Long Blades
   867 | D:2      | Reached skill level 1 in Axes
   867 | D:2      | Reached skill level 1 in Maces & Flails
   867 | D:2      | Reached skill level 1 in Polearms
   867 | D:2      | Reached skill level 1 in Staves
   867 | D:2      | Reached skill level 1 in Throwing
   867 | D:2      | Reached skill level 1 in Armour
   867 | D:2      | Reached skill level 1 in Stealth
   867 | D:2      | Reached skill level 1 in Shields
   867 | D:2      | Reached skill level 1 in Unarmed Combat
   867 | D:2      | Reached skill level 1 in Evocations
  1029 | D:2      | Reached XP level 4. HP: 11/35 MP: 6/9
  1030 | D:2      | HP: 8/35 [rat (1)]
  1161 | D:2      | Reached skill level 3 in Spellcasting
  1179 | D:2      | Reached skill level 1 in Conjurations
  1179 | D:2      | Reached skill level 1 in Summonings
  1179 | D:2      | Reached skill level 1 in Necromancy
  1179 | D:2      | Reached skill level 1 in Translocations
  1179 | D:2      | Reached skill level 1 in Transmutations
  1179 | D:2      | Reached skill level 1 in Fire Magic
  1179 | D:2      | Reached skill level 1 in Ice Magic
  1179 | D:2      | Reached skill level 1 in Air Magic
  1179 | D:2      | Reached skill level 1 in Earth Magic
  1179 | D:2      | Reached skill level 1 in Poison Magic
  1253 | D:2      | Found an iron altar of Okawaru.
  1906 | D:3      | Reached XP level 5. HP: 14/41 MP: 10/10
  2101 | D:3      | Reached skill level 3 in Fighting
  2689 | D:3      | Gained mutation: Your magical capacity is low. (-10% MP)
                  | [potion of mutation]
  2689 | D:3      | Gained mutation: Your flesh is heat resistant. (rF+)
                  | [potion of mutation]
  2988 | D:4      | Reached skill level 2 in Invocations
  3062 | D:4      | Noticed a black bear
  3064 | D:4      | Noticed Edmund
  3160 | D:3      | Reached XP level 6. HP: 38/47 MP: 7/10
  3180 | D:3      | Reached skill level 5 in Ranged Weapons
  3180 | D:3      | Reached skill level 5 in Dodging
  3272 | D:4      | Noticed Robin
  3276 | D:4      | Noticed Duvessa
  3373 | D:3      | Reached skill level 2 in Short Blades
  3373 | D:3      | Reached skill level 2 in Long Blades
  3373 | D:3      | Reached skill level 2 in Axes
  3373 | D:3      | Reached skill level 2 in Maces & Flails
  3373 | D:3      | Reached skill level 2 in Polearms
  3373 | D:3      | Reached skill level 2 in Staves
  3373 | D:3      | Reached skill level 2 in Throwing
  3373 | D:3      | Reached skill level 2 in Armour
  3373 | D:3      | Reached skill level 2 in Stealth
  3373 | D:3      | Reached skill level 2 in Shields
  3373 | D:3      | Reached skill level 2 in Unarmed Combat
  3373 | D:3      | Reached skill level 2 in Evocations
  3730 | D:3      | HP: 11/47 [scorpion (7)]
  3731 | D:3      | HP: 5/47 [scorpion (2)]
  3733 | D:3      | HP: 2/47 [poisoned by a scorpion]
  3733 | D:3      | Slain by a scorpion

Illustrated notes

Levels and vault maps discovered:
D:1:      saegor_arrival_simple_d, layout_rooms,
          dreamdust_ecumenical_altar_angels_and_demons, reono_crystal_passage,
          nrook_loot_triangle
D:2:      layout_loops_ring, basic_altar
D:3:      layout_loops_corners, dk_vineyard_1, kennysheep_generic_room_15
D:4:      layout_basic, serial_curves, eino_curves_01, eino_curves_02,
          uniq_duvessa, uniq_robin, uniq_edmund

Skill      XL: |  1  2  3  4  5  6 |
---------------+-------------------+-----
Invocations    | 1 2 |  2.1
Short Blades   | 1 2 |  2.0
Long Blades    | 1 2 |  2.0
Axes           | 1 2 |  2.0
Maces & Flails | 1 2 |  2.0
Polearms       | 1 2 |  2.0
Staves         | 1 2 |  2.0
Throwing       | 1 2 |  2.0
Armour         | 1 2 |  2.0
Stealth        | 1 2 |  2.0
Shields        | 1 2 |  2.0
Unarmed Combat | 1 2 |  2.0
Evocations     | 1 2 |  2.0
Spellcasting   | 3 |  3.4
Conjurations   | 1 |  1.5
Summonings     | 1 |  1.5
Necromancy     | 1 |  1.5
Translocations | 1 |  1.5
Transmutations | 1 |  1.5
Fire Magic     | 1 |  1.5
Ice Magic      | 1 |  1.5
Air Magic      | 1 |  1.5
Earth Magic    | 1 |  1.5
Poison Magic   | 1 |  1.5
Fighting       | 3 |  3.2
Ranged Weapons | 5 |  5.0
Dodging        | 5 |  5.0
Hexes          | |  5.6

Action                     |  1- 3 |  4- 6 || total
---------------------------+-------+-------++-------
   Fire: Sling             |   132 |   280 ||   412
   Cast: Slow              |     3 |    23 ||    26
 Invoke: Curse Item        |     1 |       ||     1
    Use: Scroll            |       |     1 ||     1
         Potion            |       |     2 ||     2
 Armour: Robe              |    17 |    27 ||    44
  Dodge: Dodged            |    67 |   203 ||   270

Table legend: (Time is in decaauts)
 A = Elapsed time spent in this place.
 B = Non-inter-level travel time spent in this place.
 C = Inter-level travel time spent in this place.
 D = Time resting spent in this place.
 E = Time spent auto-exploring this place.
 F = Levels seen in this place.
 G = Mean time per level.
                   A        B        C        D        E       F      G
               +--------+--------+--------+--------+--------+-----+--------+
         Total |   3805 |   3374 |    431 |     23 |   2504 |   4 |  951.2 |
       Dungeon |   3805 |   3374 |    431 |     23 |   2504 |   4 |  951.2 |
               +--------+--------+--------+--------+--------+-----+--------+

Top non-repeatable levels by time:
     D:3: 1856 daAuts
     D:2: 865 daAuts
     D:1: 824 daAuts
     D:4: 259 daAuts

Table legend:
 A = Kills in this place as a percentage of kills in entire the game.
 B = Kills by you in this place as a percentage of kills by you in the entire game.
 C = Kills by friends in this place as a percentage of kills by friends in the entire game.
 D = Other kills in this place as a percentage of other kills in the entire game.
 E = Experience gained in this place as a percentage of experience gained in the entire game.
 F = Experience gained in this place divided by the number of levels of this place that you have seen.
                   A       B       C       D       E      F
               +-------+-------+-------+-------+-------+----------------------
         Total | 100.0 | 100.0 |   N/A |   N/A | 100.0 | 100.2
       Dungeon | 100.0 | 100.0 |   N/A |   N/A | 100.0 | 100.2
               +-------+-------+-------+-------+-------+----------------------
